 Dungeon Crawl Stone Soup version 0.30-a0-718-geaa24f58ff (webtiles) character file.

Game seed: 4844459443718606189

10153 Irreverend the Grappler (level 11, -5/111 HPs)
             Began as a Troll Fighter on Jan 25, 2023.
             Was a Follower of Wu Jian.
             Slain by a wraith (10 damage)
             ... led by Josephine
             ... on level 10 of the Dungeon.
             The game lasted 00:32:26 (14362 turns).

Irreverend the Grappler (Troll Fighter)            Turns: 14362, Time: 00:32:27

Health: -5/111     AC: 11    Str: 26    XL:     11   Next: 32%
Magic:  0/10       EV:  9    Int:  8    God:    Wu Jian [*.....]
Gold:   684        SH: 11    Dex: 15    Spells: 10/10 levels left

rFire   + . .      SeeInvis .      - Unarmed
rCold   + . .      Faith    .    b - +0 kite shield
rNeg    . . .      Spirit   +    A - +0 steam dragon scales
rPois   +          Reflect  .    (helmet restricted)
rElec   .          Harm     .    q - scarf {rC+ rF+}
rCorr   .          Rampage  .    (gloves unavailable)
Will    .....                    (boots unavailable)
Stlth   +                        f - amulet of guardian spirit
HPRegen 1.18/turn                D - +6 ring of dexterity
MPRegen 0.12/turn                y - +4 ring of protection

@: slowed, invisible, very slow
A: large, unfitting armour, claws 3, regeneration 1, shaggy fur 1, tough skin 1,
poison resistance
a: Renounce Religion


You were on level 10 of the Dungeon.
You worshipped Wu Jian.
Wu Jian was aware of your devotion.
You visited 2 branches of the dungeon, and saw 12 of its levels.

You collected 684 gold pieces.

Inventory:

Hand Weapons
 n - the +10 hammer of Lifaid {protect, Fragile Fly Str+7}
   (You found it on level 3 of the Dungeon)

   Str:       It affects your strength (+7).
   Fly:       It grants you flight.
   Fragile:   It will be destroyed if unequipped.
Missiles
 k - 4 poisoned darts
 F - a throwing net (quivered)
Armour
 a - a +0 robe
 b - a +0 kite shield (worn)
 q - a scarf of resistance (worn)
 A - +0 steam dragon scales (worn)
Jewellery
 f - an amulet of guardian spirit (around neck)
 s - a ring of resist corrosion
 t - an amulet of magic regeneration
 y - a +4 ring of protection (right claw)
 B - a ring of ice
 D - a +6 ring of dexterity (left claw)
Wands
 w - a wand of light (19)
 H - a wand of flame (12)
Scrolls
 e - 5 scrolls of poison
 g - a scroll of teleportation
 l - a scroll of noise {unknown}
 m - 2 scrolls of fear {unknown}
 p - a scroll of butterflies {unknown}
 r - a scroll of fog
 u - a scroll of blinking {unknown}
 v - a scroll of silence {unknown}
 z - 4 scrolls of enchant weapon
 C - 2 scrolls of identify
Potions
 c - 4 potions of brilliance
 d - 7 potions of curing
 h - 2 potions of degeneration {unknown}
 i - a potion of resistance
 j - a potion of flight
 o - a potion of ambrosia {unknown}
 x - 3 potions of attraction {unknown}
 G - a potion of lignification


   Skills:
 + Level 8.0 Fighting
 - Level 2.4 Dodging
 + Level 8.7 Shields
 * Level 12.8 Unarmed Combat


You had 10 spell levels left.
You didn't know any spells.
Your spell library contained the following spells:

 Spells                   Type           Power      Damage    Failure   Level
 Sublimation of Blood     Necr           0%         N/A       77%         2
 Wereblood                Tmut           0%         N/A       77%         2
 Dazzling Flash           Conj/Hex       0%         N/A       94%         3
 Ignite Poison            Fire/Tmut/Pois 0%         N/A       94%         3
 Kindle Blastsparks       Fire/Tloc/Air  0%         2d10      94%         3
 Portal Projectile        Hex/Tloc       0%         N/A       94%         3
 Tukima's Dance           Hex            0%         N/A       94%         3
 Petrify                  Tmut/Erth      0%         N/A       100%        4
 Agony                    Necr           0%         N/A       100%        5
 Blade Hands              Tmut           0%         N/A       100%        5
 Freezing Cloud           Conj/Ice/Air   0%         6-21      100%        5
 Irradiate                Conj/Tmut      0%         3d11      100%        5
 Silence                  Hex/Air        0%         N/A       100%        5
 Summon Hydra             Summ           0%         N/A       100%        7


Dungeon Overview and Level Annotations

Branches:
Dungeon (11/15)            Temple (1/1) D:6             Orc (0/2) D:9
   Lair: D:8-11

Altars:
Ashenzari
Cheibriados
Dithmenos
Elyvilon
Fedhas
Gozag
Hepliaklqana
Kikubaaqudgha
Makhleb
Nemelex Xobeh
Okawaru
Qazlal
Ru
Sif Muna
Trog
Uskayaw
Vehumet
Wu Jian
Xom
Yredelemnul
Zin
The Shining One

Shops:
D:2 !   D:9 :

Annotations:
D:8 2 transporters
D:11 Josephine


Innate Abilities, Weirdness & Mutations

You are too large for most types of armour.
You have claws for hands.
Your natural rate of healing is unusually fast.
You are covered in fur. (AC +1)
You have tough skin. (AC +1)
Your system is resistant to poisons. (rPois)


Message History

You claw the wraith!
The wraith is almost destroyed.
The two-headed ogre barely misses you. You block the two-headed ogre's attack.
The wraith hits you.
* * * LOW HITPOINT WARNING * * *
You scratch the wraith.
You destroy the wraith!
The Council accepts your kill. The two-headed ogre closely misses you.
The two-headed ogre hits you with a +0 giant spiked club.
* * * LOW HITPOINT WARNING * * *
The wraith hits you.
* * * LOW HITPOINT WARNING * * *
The wraith drains your vigour!
You feel as though you will be slow longer.
You spin and attack the two-headed ogre.
You claw the two-headed ogre!
The two-headed ogre is lightly wounded.
You block the two-headed ogre's attack. x2
The wraith hits you but does no damage.
Josephine the Decaying Necromancer comes into view.
She is wielding a +0 dagger and wearing a +1 robe of willpower.
There is a stone staircase leading up, spattered with blood here.
Josephine shouts!
The two-headed ogre barely misses you.
The two-headed ogre hits you with a +0 giant spiked club!
* * * LOW HITPOINT WARNING * * *
You block the wraith's attack.
You climb upwards.
There is a stone staircase leading down here.
You fade into invisibility!
You block the two-headed ogre's attack.
The two-headed ogre hits you with a +0 giant spiked club!
* * * LOW HITPOINT WARNING * * *
You block the wraith's attack. The wraith hits you!
* * * LOW HITPOINT WARNING * * *
The wraith drains your vigour!
You feel as though you will be slow longer.
You block the two-headed ogre's attack. x2
The wraith hits you!
You die...

#.[.......####.#######..#.######
###.####### #.....####......###
#.# #######......).#.......## #.#
#.)..##...###............
#.####....####.# ##........#..
####....#....# #.###............
#.........<..# #...#.##......#..
#..#.........######...........>..
##.#.).......#..@W>............#.
#.#.###.....)...O.....##......##
#................<..[.........##
##..####....#............#.....#
#..# #..............##.##.....
###..####..............##.#....#.
...................##.###....>.#.
......####....####.##....##....#.
..............####..####.##.....#


You could see a two-headed ogre (unable to see you) and a wraith.

Vanquished Creatures
  2 two-headed ogres
  Pikel (D:6)
  The ghost of purpskrrrp the Shooter, a novice FoHu of Fedhas (D:5)
  2 manticores
  A gargoyle (D:10)
  Maggie (D:7)
  A hornet (D:10)
  2 trolls
  A slime creature (D:7)
  A vampire (D:11)
  A wraith (D:11)
  4 yaks (D:9)
  Eustachio (D:6)
  4 wyverns
  4 vampire mosquitoes
  Grum (D:9)
  A steam dragon (D:8)
  The ghost of Loveship the Insei, an amateur DsTm (D:3)
  Edmund (D:6)
  A warg (D:9)
  Duvessa (D:6)
  A water moccasin (D:9)
  3 orc warriors
  A black bear (D:6)
  An ice beast (D:7)
  3 ogres (D:5)
  2 wolves (D:9)
  3 centaurs
  2 lemures (D:6)
  2 kobold brigands
  A bullfrog (D:8)
  A necrophage (D:7)
  6 scorpions
  3 wights
  Dowan (D:6)
  A water moccasin zombie (D:3)
  A howler monkey (D:8)
  2 jellies
  5 hounds
  Crazy Yiuf (D:3)
  A gnoll bouda (D:7)
  5 orc priests
  Jessica (D:3)
  10 orc wizards
  Natasha (thrice) (D:3)
  5 gnolls
  11 adders
  4 ufetubi
  2 worms
  4 dart slugs
  29 orcs
  14 endoplasms
  8 giant cockroaches
  12 goblins
  7 hobgoblins
  2 jackals (D:1)
  A quokka (D:1)
  9 ball pythons
  9 bats
  3 frilled lizards
  A giant cockroach zombie (D:3)
  14 kobolds
  8 rats
236 creatures vanquished.

Notes
Turn   | Place    | Note
-------+----------+-------------------------------------------
     0 | D:1      | Irreverend the Troll Fighter began the quest for the Orb.
     0 | D:1      | Reached XP level 1. HP: 22/22 MP: 0/0
    97 | D:1      | Reached XP level 2. HP: 29/29 MP: 1/1
   335 | D:1      | Reached XP level 3. HP: 36/36 MP: 2/2
  1444 | D:1      | Gained mutation: You are vulnerable to cold. (rC-) [potion
                  | of mutation]
  1444 | D:1      | Gained mutation: You are frail. (-10% HP) [potion of
                  | mutation]
  1444 | D:1      | Gained mutation: You passively map a small area around you.
                  | [potion of mutation]
  1445 | D:1      | Lost mutation: You passively map a small area around you.
                  | [potion of mutation]
  1445 | D:1      | Lost mutation: You are vulnerable to cold. (rC-) [potion of
                  | mutation]
  1445 | D:1      | Lost mutation: You are frail. (-10% HP) [potion of
                  | mutation]
  1445 | D:1      | Gained mutation: Your system is resistant to poisons.
                  | (rPois) [potion of mutation]
  1847 | D:2      | Found a faded altar of an unknown god.
  1850 | D:2      | Reached skill level 3 in Unarmed Combat
  2203 | D:2      | Reached XP level 4. HP: 44/44 MP: 3/3
  2365 | D:2      | Found Sirphuxt's Distillery.
  3232 | D:3      | Noticed Jessica
  3246 | D:3      | Killed Jessica
  3275 | D:3      | Found a runed translucent gate.
  3275 | D:3      | Found a runed translucent gate.
  3275 | D:3      | Found a runed translucent gate.
  3275 | D:3      | Noticed Loveship's ghost (amateur DsTm)
  3277 | D:3      | Found a basalt altar of Yredelemnul.
  3295 | D:3      | Reached skill level 4 in Unarmed Combat
  3295 | D:3      | Reached XP level 5. HP: 52/53 MP: 4/4
  3303 | D:3      | Killed Loveship's ghost
  3304 | D:3      | Reached XP level 6. HP: 39/61 MP: 5/5
  3391 | D:3      | Noticed Natasha
  3398 | D:3      | Killed Natasha
  3617 | D:3      | Noticed Natasha
  3622 | D:3      | Killed Natasha
  3623 | D:3      | Reached skill level 5 in Unarmed Combat
  3654 | D:3      | Found a runed translucent door.
  3655 | D:3      | Noticed Crazy Yiuf
  3855 | D:3      | Killed Crazy Yiuf
  4713 | D:3      | Identified the +10 hammer of Lifaid {protect, Fragile Fly
                  | Str+7}
  4726 | D:3      | Noticed Natasha
  4735 | D:3      | Killed Natasha
  5122 | D:4      | Found a hide-covered altar of Uskayaw.
  5127 | D:4      | Found a stormy altar of Qazlal.
  5218 | D:4      | Reached XP level 7. HP: 67/68 MP: 6/6
  5508 | D:5      | Entered Level 5 of the Dungeon
  5623 | D:5      | Reached skill level 6 in Unarmed Combat
  5875 | D:5      | Found a runed translucent door.
  5876 | D:5      | Noticed purpskrrrp's ghost (novice FoHu)
  5930 | D:5      | Reached skill level 5 in Shields
  5930 | D:5      | Reached XP level 8. HP: 64/79 MP: 7/7
  5941 | D:5      | Reached skill level 7 in Unarmed Combat
  6225 | D:5      | Killed purpskrrrp's ghost
  6226 | D:5      | Reached skill level 5 in Fighting
  6266 | D:6      | Reached skill level 8 in Unarmed Combat
  6380 | D:6      | Noticed Dowan
  6381 | D:6      | Noticed Duvessa
  6394 | D:6      | Killed Duvessa
  6411 | D:6      | Killed Dowan
  6682 | D:6      | Reached XP level 9. HP: 64/88 MP: 8/8
  7078 | D:6      | Noticed Pikel
  7085 | D:6      | Killed Pikel
  7086 | D:6      | Reached skill level 9 in Unarmed Combat
  7089 | D:6      | Noticed Edmund
  7109 | D:6      | Killed Edmund
  7268 | D:6      | Found a hazy altar of Hepliaklqana.
  7277 | D:6      | Noticed Eustachio
  7279 | D:6      | Killed Eustachio
  7337 | D:6      | Found a staircase to the Ecumenical Temple.
  7343 | Temple   | Entered the Ecumenical Temple
  7626 | Temple   | Became a worshipper of the Wu Jian Council
  7760 | D:7      | Noticed Maggie
  7773 | D:7      | Killed Maggie
  7815 | D:7      | Reached skill level 10 in Unarmed Combat
  8052 | D:7      | Found a blossoming altar of Fedhas.
  8186 | D:7      | Identified the +3 ring mail of Giuptiha {Int+8}
  8207 | D:7      | Noticed a manticore
  8220 | D:7      | Killed a manticore
  8221 | D:7      | Reached XP level 10. HP: 49/100 MP: 9/9
 10931 | D:8      | Noticed a two-headed ogre
 10941 | D:8      | Killed a two-headed ogre
 10942 | D:8      | Reached skill level 11 in Unarmed Combat
 11225 | D:8      | Reached * piety under Wu Jian
 11234 | D:8      | Noticed a deep elf pyromancer
 11236 | D:8      | Noticed a boulder beetle
 11236 | D:8      | Noticed a boulder beetle
 11271 | D:8      | Found a transporter.
 11275 | D:8      | Found a transporter.
 11283 | D:8      | Found an ancient bone altar of Kikubaaqudgha.
 11283 | D:8      | Found an opulent altar of Gozag.
 11474 | D:9      | Found a staircase to the Orcish Mines.
 11510 | D:9      | Found a shimmering altar of Xom.
 11557 | D:9      | Found Yloagg's Book Shoppe.
 11631 | D:9      | Noticed a two-headed ogre
 11646 | D:9      | Killed a two-headed ogre
 11711 | D:9      | Noticed Grum
 11721 | D:9      | Killed Grum
 11724 | D:9      | Reached skill level 12 in Unarmed Combat
 11766 | D:9      | Found a radiant altar of Vehumet.
 12232 | D:10     | Entered Level 10 of the Dungeon
 12234 | D:10     | Noticed a gargoyle
 12261 | D:10     | Killed a gargoyle
 12298 | D:10     | Reached XP level 11. HP: 109/109 MP: 10/10
 12817 | D:10     | Identified the +4 chain mail of Zacwuhic {Rampage rN+ rCorr
                  | Str-3}
 13785 | D:10     | Identified the +8 sling "Kufij" {heavy, Drain rPois Int+3
                  | Stlth+}
 13803 | D:10     | Found an iron altar of Okawaru.
 14061 | D:11     | Noticed a two-headed ogre
 14357 | D:11     | Noticed Josephine
 14360 | D:10     | HP: 1/111 [wraith[Josephine] (7)]
 14362 | D:10     | Slain by a wraith

Illustrated notes

Levels and vault maps discovered:
D:1:      heliophobic_arrival_dark_side_of_the_moon, layout_basic,
          serial_curves, eino_curves_04, eino_curves_03
D:2:      kennysheep_six_static_rooms, layout_basic,
          ebering_ecumenical_altar_mist, serial_shops, shop_fountains,
          serial_bayou_pond_e, chequers_serial_rivers_micro_d
D:3:      layout_basic, nicolae_yredelemnul_ghost_church,
          uniq_crazy_yiuf_cottage, uniq_natasha, uniq_jessica
D:4:      layout_gridville, minitemple, nicolae_figureground_pulse
D:5:      layout_basic, gammafunk_ghost_grave
D:6:      layout_basic, old_standard_altar, minmay_temple_entry_enclosed_plants,
          uniq_duvessa, uniq_pikel, uniq_eustachio, uniq_edmund
D:7:      layout_basic, mainiacjoe_overflow_boulevard, corexii_corridor_pit,
          nicolae_benzene_ring, minmay_strange_pillars, wad_mini_maze,
          uniq_maggie
D:8:      layout_loops_cross, gammafunk_temple_overflow_arena,
          nicolae_elevator_lobby_asterisk
D:9:      layout_irregular_city, amcnicky_altar_gilded, old_standard_altar,
          david_orc_3, serial_shops, nicolae_lakefront_shop, uniq_grum
D:10:     layout_rooms, old_standard_altar
D:11:     layout_big_octagon, lair_entry_dummy, gammafunk_ghost_hive,
          chequers_arboretum, uniq_josephine
Temple:   minmay_temple_forest_path

Skill      XL: |  1  2  3  4  5  6  7  8  9 10 11 |
---------------+----------------------------------+-----
Shields        | 3 4 5 6 7 8 |  8.7
Unarmed Combat | 3 4 5 6 8 10 12 | 12.8
Fighting       | 3 4 5 6 7 8 |  8.0
Dodging        | |  2.4

Action                     |  1- 3 |  4- 6 |  7- 9 | 10-12 || total
---------------------------+-------+-------+-------+-------++-------
  Melee: Unarmed           |   123 |   128 |   287 |   245 ||   783
Ability: Lunge             |       |       |     2 |    27 ||    29
         Whirlwind         |       |       |       |    27 ||    27
    Use: Potion            |     8 |     1 |     3 |     4 ||    16
         Scroll            |       |       |       |     8 ||     8
   Stab: Sleeping          |       |     1 |       |       ||     1
 Armour: Robe              |    52 |    18 |    46 |       ||   116
         Skin              |       |     2 |       |    13 ||    15
         Steam dragon scal |       |       |     8 |    61 ||    69
  Dodge: Dodged            |    34 |    37 |    59 |    74 ||   204
  Block: Kite shield       |    37 |    46 |    94 |   136 ||   313

Table legend: (Time is in decaauts)
 A = Elapsed time spent in this place.
 B = Non-inter-level travel time spent in this place.
 C = Inter-level travel time spent in this place.
 D = Time resting spent in this place.
 E = Time spent auto-exploring this place.
 F = Levels seen in this place.
 G = Mean time per level.
                   A        B        C        D        E       F      G
               +--------+--------+--------+--------+--------+-----+--------+
         Total |  14334 |  14038 |    296 |   5695 |   5913 |  12 | 1194.5 |
       Dungeon |  14002 |  13755 |    247 |   5695 |   5649 |  11 | 1272.9 |
        Temple |    332 |    283 |     49 |      0 |    264 |   1 |  332.0 |
               +--------+--------+--------+--------+--------+-----+--------+

Top non-repeatable levels by time:
     D:7: 2952 daAuts
     D:9: 2108 daAuts
     D:3: 1867 daAuts
     D:1: 1848 daAuts
     D:6: 1130 daAuts
     D:2: 1034 daAuts
     D:8: 777 daAuts
     D:4: 755 daAuts
     D:5: 752 daAuts
    D:10: 728 daAuts
  Temple: 332 daAuts
    D:11: 47 daAuts
